 Dungeon Crawl Stone Soup version 0.19-a0-1292-g796ee4d (webtiles) character file.

690 Leszczynek the Basher (level 7, 0/67 HPs)
             Began as an Ogre Skald on Aug 30, 2016.
             Was an Initiate of the Shining One.
             Slain by a sky beast (5 damage)
             ... on level 6 of the Dungeon.
             The game lasted 00:15:57 (2961 turns).

Leszczynek the Basher (Ogre Skald)                  Turns: 2961, Time: 00:15:58

Health: 0/67       AC:  4    Str: 18    XL:     7   Next: 63%
Magic:  10/10      EV:  9    Int:  9    God:    the Shining One [......]
Gold:   428        SH:  0    Dex: 11    Spells: 2 memorised, 7 levels left

rFire  . . .     SeeInvis .     a - +0 giant club
rCold  . . .     Gourm    .     b - +0 robe
rNeg   . . .     Faith    .     (shield currently unavailable)
rPois  .         Spirit   .     (helmet restricted)
rElec  .         Dismiss  .     (no cloak)
rCorr  .         Reflect  .     (gloves unavailable)
MR     .....     Harm     .     (boots unavailable)
Stlth  +.........               (no amulet)
                                (no ring)
                                (no ring)

@: glowing, heavily drained
A: unfitting armour, talons 1, rugged brown scales 1, dopey 1, tough skin 1
a: Renounce Religion


You were on level 6 of the Dungeon.
You worshipped the Shining One.
The Shining One was noncommittal.
You were not hungry.

You visited 2 branches of the dungeon, and saw 8 of its levels.

You collected 428 gold pieces.

Inventory:

Hand Weapons
 a - a +0 giant club (weapon)
Armour
 b - a +0 robe (worn)
Jewellery
 k - an uncursed ring of fire
Wands
 m - a wand of slowing (7/48)
 q - a wand of enslavement (9/24)
Scrolls
 e - a scroll of immolation
 f - a scroll of remove curse
 g - a scroll of identify
 h - a scroll of amnesia
 j - a scroll of fear {unknown}
 l - a scroll of noise {unknown}
 r - a scroll of blinking {unknown}
Potions
 i - a potion of invisibility
 n - 2 potions of agility
 o - a potion of brilliance {unknown}
Books
 c - a book of Battle

   Spells                             Type                      Level
   a - Infusion                       Charms                       1
   b - Shroud of Golubria             Charms/Translocation         2
   c - Song of Slaying                Charms                       2
   d - Spectral Weapon                Hexes/Charms                 3
   e - Regeneration                   Charms/Necromancy            3
Comestibles
 d - 2 bread rations


   Skills:
 - Level 2.6(0.9) Fighting
 * Level 10.3(8.1) Maces & Flails
 - Level 1.5(0.0) Dodging
 - Level 2.0(0.2) Stealth
 - Level 2.4(0.6) Spellcasting
 - Level 2.1(0.4) Charms


You had 7 spell levels left.
You knew the following spells:

 Your Spells              Type           Power        Failure   Level  Hunger
a - Infusion              Chrm           #...         34%         1    ##.....
b - Shroud of Golubria    Chrm/Tloc      #.........   65%         2    ###....


Dungeon Overview and Level Annotations

Branches:
Dungeon (7/15)             Temple (1/1) D:7

Altars:
Ashenzari
Cheibriados
Dithmenos
Elyvilon
Fedhas
Gozag
Hepliaklqana
Kikubaaqudgha
Makhleb
Nemelex Xobeh
Okawaru
Qazlal
Ru
Sif Muna
Trog
Uskayaw
Vehumet
Xom
Yredelemnul
Zin
The Shining One

Portals:
Sewer: D:3

Annotations:
D:2 exclusion: adder
D:3 exclusion: adder, Grinder
D:4 Menkaure, Pikel
D:5 exclusion: centaur


Innate Abilities, Weirdness & Mutations

You are too large for most types of armour.
You have tough skin. (AC +1)
You have sharp toenails.
You are partially covered in rugged brown scales. (AC +1, +3% HP)
You are dopey. (Int -2)


Message History

The sky beast is severely wounded.
The sky beast hits you.
* * * LOW HITPOINT WARNING * * *
The sky beast shocks you. The Shining One protects you from harm!
You hit the sky beast but do no damage.
You claw the sky beast, but do no damage.
The sky beast is severely wounded.
The sky beast closely misses you.
You hit the sky beast.
The sky beast is almost dead.
The sky beast closely misses you.
The sky beast hits you but does no damage.
You hit the sky beast.
You claw the sky beast, but do no damage.
The sky beast is almost dead.
The sky beast hits you.
* * * LOW HITPOINT WARNING * * *
The sky beast shocks you.
You die...

#......# #.# ##..<..#....#
.....#.# ..# #.#.#.# ...###
....##.# .## #..(# .. ....##
##### .# . ###...# ###..... #.#
##.....######.##.. #.#
#..#.#..##........ #.#
####.##.......##.###. #..
#.........#.####..# ##.#
#.##@######.....#..# ##..#
##.##Y# #.........#...
####...#####..#..# #.........###.
#................###..........# #
#...##.######............####.###
# #.# ###......#####..###.... ##
#.# ##....##### ##....#### .#
##.###..#### ####....#
.####.....[####################.#


You could see a sky beast.

Vanquished Creatures
  An ogre (D:6)
  A centaur (D:6)
  A giant frog (D:6)
  A scorpion (D:6)
  3 wights (D:7)
  2 crimson imps
  A giant frog zombie (D:6)
  A hound (D:4)
  Jessica (D:2)
  Ijyb (D:2)
  2 gnolls
  2 adders (D:6)
  An ooze (D:1)
  A worm (D:2)
  3 dart slugs
  3 giant geckos
  3 orcs (D:6)
  2 ball pythons
  3 bats (D:1)
  4 giant cockroaches
  4 goblins
  5 hobgoblins
  3 jackals
  2 quokkas
  A giant newt (D:1)
  4 kobolds
  A quokka skeleton (D:5)
  6 rats
  A fungus (D:3)
64 creatures vanquished.

Notes
Turn   | Place    | Note
-------+----------+-------------------------------------------
     0 | D:1      | Leszczynek the Ogre Skald began the quest for the Orb.
     0 | D:1      | Reached XP level 1. HP: 22/22 MP: 3/3
    27 | D:1      | Reached skill level 3 in Maces & Flails
   112 | D:1      | Reached XP level 2. HP: 12/29 MP: 1/5
   121 | D:1      | Learned a level 2 spell: Shroud of Golubria
   271 | D:1      | Reached skill level 4 in Maces & Flails
   344 | D:1      | Reached XP level 3. HP: 17/36 MP: 3/6
   500 | D:2      | Noticed Jessica
   544 | D:2      | Noticed Ijyb
   560 | D:2      | Killed Ijyb
   560 | D:2      | Reached skill level 1 in Stealth
   560 | D:2      | Reached XP level 4. HP: 16/44 MP: 5/7
   881 | D:2      | Reached skill level 2 in Stealth
   902 | D:2      | Killed Jessica
   902 | D:2      | Reached skill level 5 in Maces & Flails
  1053 | D:4      | Noticed a slave
  1188 | D:2      | Found an iron altar of Okawaru.
  1364 | D:3      | Noticed Grinder
  1400 | D:3      | Found a glowing drain.
  1430 | D:4      | Reached skill level 6 in Maces & Flails
  1430 | D:4      | Reached XP level 5. HP: 20/50 MP: 8/8
  1458 | D:4      | Noticed Pikel
  1460 | D:4      | Noticed a slave
  1462 | D:4      | Noticed a slave
  1464 | D:4      | Noticed a slave
  1584 | D:4      | Noticed Menkaure
  1703 | D:5      | Entered Level 5 of the Dungeon
  2085 | D:5      | Noticed a centaur
  2116 | D:6      | Reached skill level 7 in Maces & Flails
  2116 | D:6      | Reached XP level 6. HP: 35/59 MP: 9/9
  2204 | D:6      | Reached skill level 8 in Maces & Flails
  2261 | D:6      | Reached XP level 7. HP: 53/66 MP: 10/10
  2276 | D:6      | Reached skill level 9 in Maces & Flails
  2492 | D:6      | Gained mutation: You are partially covered in rugged brown scales. (AC +1, +3% HP) [potion of mutation]
  2492 | D:6      | Gained mutation: You are dopey. (Int -2) [potion of mutation]
  2492 | D:6      | Gained mutation: You have sharp toenails. [potion of mutation]
  2564 | D:7      | Found a staircase to the Ecumenical Temple.
  2576 | Temple   | Entered the Ecumenical Temple
  2615 | Temple   | Became a worshipper of the Shining One
  2690 | D:7      | Reached skill level 10 in Maces & Flails
  2715 | D:7      | HP: 5/67 [wight/scimitar (7)]
  2716 | D:7      | The Shining One protects you from harm!
  2958 | D:6      | HP: 5/67 [sky beast (4)]
  2958 | D:6      | The Shining One protects you from harm!
  2961 | D:6      | Slain by a sky beast

Vault maps used:
D:1:      saegor_arrival_simple_e
D:2:      serial_curves, eino_curves_01, eino_curves_02, okawaru_trees_2,
          uniq_crazy_yiuf_cottage, uniq_iyjb, uniq_jessica
D:3:      portal_sewer_entry_a, minmay_gold_behind_fungi, minmay_box_of_dots,
          uniq_grinder
D:4:      first_bread, hangedman_decor_clover_reticule, uniq_menkaure,
          uniq_pikel
D:5:      uniq_prince_ribbit1, uniq_blork_the_orc
D:6:      minivault_22, uniq_duvessa
D:7:      kennysheep_nondescript
Temple:   kilobyte_greek_temple

Skill      XL: |  1  2  3  4  5  6  7 |
---------------+----------------------+-----
Maces & Flails | 3 4 6 7 8 10 | 10.3
Stealth        | 1 2 |  2.0
Fighting       | |  2.6
Dodging        | |  1.5
Spellcasting   | |  2.4
Charms         | |  2.1

Action                   |  1- 3 |  4- 6 |  7- 9 || total
-------------------------+-------+-------+-------++-------
Melee: Mace              |    94 |   135 |       ||   229
       Giant club        |       |     4 |    66 ||    70
       Kick              |       |       |    16 ||    16
 Cast: Infusion          |     7 |     5 |       ||    12
Evoke: Wand              |       |     1 |     3 ||     4
  Use: Scroll            |       |     5 |     2 ||     7
       Potion            |       |       |     2 ||     2
 Stab: Sleeping          |       |     2 |       ||     2
  Eat: Chunk             |       |     6 |     1 ||     7
       Beef jerky        |       |     1 |       ||     1
       Bread ration      |       |       |     1 ||     1
Armor: Robe              |    33 |    25 |    12 ||    70
Dodge: Dodged            |    46 |    69 |    24 ||   139
